 Dungeon Crawl Stone Soup version 0.17-a0-1575-g9a29ec8 (webtiles) character file.

1736 Ladykiller69 the Cleaver (level 9, 5/65 HPs)
             Began as a Formicid Fighter on July 26, 2015.
             Was a Priest of Cheibriados.
             Quit the game on level 15 of the Dungeon.
             The game lasted 00:20:47 (5266 turns).

Ladykiller69 the Cleaver (Formicid Fighter)         Turns: 5266, Time: 00:20:47

Health: 5/65       AC:  7    Str: 31    XL:     9   Next: 26%
Magic:  9/9        EV:  7    Int: 13    God:    Cheibriados [***...]
Gold:   374        SH: 13    Dex: 16    Spells: 0 memorised, 8 levels left

rFire  . . .     SeeInvis +     a - +0 war axe
rCold  . . .     Clarity  .     h - +0 plate armour
rNeg   . . .     SustAt   .     c - +0 shield
rPois  .         Gourm    .     (helmet unavailable)
rElec  .         Spirit   .     (no cloak)
rCorr  .         Warding  .     (no gloves)
rMut   .         Stasis   +     (no boots)
MR     .....                    (no amulet)
Stlth  ..........               (no ring)
                                (no ring)

@: corroded equipment, very slow, not resistant to hostile enchantments,
extremely unstealthy
A: permanent stasis, dig shafts and tunnels, four strong arms, antennae 3
a: Dig, Shaft Self, Bend Time, Temporal Distortion, Renounce Religion


You were on level 15 of the Dungeon.
You worshipped Cheibriados.
Cheibriados was most pleased with you.
You were hungry.

You visited 1 branch of the dungeon, and saw 11 of its levels.

You collected 374 gold pieces.

Inventory:

Hand weapons
 a - a +0 war axe (weapon)
Missiles
 f - 5 tomahawks (quivered)
Armour
 b - a +0 scale mail
 c - a +0 shield (worn)
 h - a +0 plate armour (worn)
Jewellery
 o - an uncursed ring of stealth {unknown}
 w - an uncursed amulet of resist mutation {unknown}
 C - an uncursed ring of fire {unknown}
Magical devices
 d - a wand of teleportation (5)
Scrolls
 i - 2 scrolls of noise {unknown}
 j - 10 scrolls of identify {unknown}
 m - 2 scrolls of random uselessness {unknown}
 q - 2 scrolls of amnesia {unknown}
 r - 2 scrolls of teleportation {unknown}
 u - 3 scrolls of remove curse {unknown}
 y - 2 scrolls of fog {unknown}
 z - a scroll of summoning {unknown}
Potions
 g - a potion of poison {unknown}
 n - a potion of curing {unknown}
 p - a potion of magic {unknown}
 s - 2 potions of heal wounds {unknown}
 v - a potion of agility {unknown}
 A - a potion of lignification {unknown}
 D - a potion of brilliance {unknown}
 E - a potion of ambrosia
 F - a potion of invisibility {unknown}
Books
 k - Sif Muna's Reference Book on the Snowflakes
   (You found it on level 4 of the Dungeon)

   Spells                             Type                      Level
   a - Freeze                         Ice                          1
Comestibles
 e - 6 bread rations
 l - 5 fruits
 x - a beef jerky
 B - 2 meat rations


   Skills:
 - Level 4.1 Fighting
 * Level 9.0 Axes
 - Level 4.2 Armour
 + Level 8.2 Shields


You had 8 spell levels left.
You didn't know any spells.

Dungeon Overview and Level Annotations

Branches:
Dungeon (15/15)
 Temple: D:4-7         Lair: D:8-11         Orc: D:9-12      Vaults: D:13-14
 Depths: D:15

Altars:
Cheibriados
Okawaru
Sif Muna
Yredelemnul
The Shining One

Shops:
D:4 %

Annotations:
D:4 1 exclusion, Eustachio
D:6 Menkaure


Innate Abilities, Weirdness & Mutations

You are under a permanent stasis effect.
You can dig through walls and to a lower floor.
Your four strong arms can wield two-handed weapons with a shield.
You have a pair of large antennae on your head (SInv).


Message History

You can't shaft yourself on this level.
You retract your mandibles.
You closely miss the brown ugly thing.
The brown ugly thing tail-slaps you but does no damage.
Your plate armour prevents you from hitting the brown ugly thing.
The centaur warrior shoots an arrow.
You block the arrow. The brown ugly thing tail-slaps you.
You are splashed with acid!
The acid burns!
You hit the brown ugly thing but do no damage.
The centaur warrior shoots an arrow.
You block the arrow.
You block the brown ugly thing's attack.
You hit the brown ugly thing but do no damage.
The centaur warrior shoots an arrow.
The arrow hits you but does no damage. The brown ugly thing barely misses you.
You hit the brown ugly thing but do no damage.
The brown ugly thing tail-slaps you!
* * * LOW HITPOINT WARNING * * *
You are splashed with acid!
The acid corrodes you!
The acid burns!
* * * LOW HITPOINT WARNING * * *
The centaur warrior shoots an arrow.
You block the arrow.
Are you sure you want to abandon this character and quit the game? (Confirm with "yes".)

≈≈≈≈≈.. { .......
#.# {##...uu. ..#
...#.u# ..# #..##u#
..# ##.######..##{#
..# ........†...#{#
..#
########.#.#.#u##..#
.........#{#{{{#@..#
.#.#####.###.##u#..#
..## #.....####..#
.## ###.### ..# .#
#.# .c. .# { . .#.#
.# # . .#.# .# ..
##.# .#


You could see a brown ugly thing and a centaur warrior.

Vanquished Creatures
  A tengu conjurer (D:15)
  A hippogriff (D:13)
  2 orc warriors
  A black bear (D:7)
  A wasp (D:9)
  An ice beast (D:4)
  An ogre (D:5)
  A centaur (D:13)
  A giant frog (D:6)
  A scorpion (D:4)
  A crimson imp (D:4)
  A hound (D:4)
  5 orc wizards
  A giant frog skeleton (D:5)
  2 iguanas
  6 worker ants
  A worker ant zombie (D:5)
  3 gnolls (D:5)
  7 adders
  A shadow imp (D:5)
  4 oozes
  A worm (D:3)
  6 giant geckos
  10 orcs
  10 bats
  2 giant cockroaches
  9 hobgoblins
  4 jackals (D:3)
  11 kobolds
  4 quokkas
  3 giant newts
  10 goblins
  A quokka skeleton (D:4)
  8 rats
122 creatures vanquished.

Vanquished Creatures (others)
  4 toadstools (D:1)
4 creatures vanquished.

Grand Total: 126 creatures vanquished

Notes
Turn   | Place    | Note
--------------------------------------------------------------
     0 | D:1      | Ladykiller69 the Formicid Fighter began the quest for the Orb.
     0 | D:1      | Reached XP level 1. HP: 18/18 MP: 1/1
   128 | D:1      | Reached XP level 2. HP: 22/24 MP: 2/2
   793 | D:2      | Found a basalt altar of Yredelemnul.
   810 | D:2      | Reached XP level 3. HP: 29/29 MP: 3/3
  1256 | D:2      | Found a glowing golden altar of the Shining One.
  1376 | D:3      | Reached XP level 4. HP: 29/37 MP: 4/4
  1386 | D:3      | Reached skill level 4 in Shields
  1528 | D:3      | Found a snail-covered altar of Cheibriados.
  1562 | D:3      | Became a worshipper of Cheibriados the Contemplative
  1656 | D:3      | Reached XP level 5. HP: 42/42 MP: 5/5
  1750 | D:4      | Noticed an ice beast
  1901 | D:4      | Noticed Eustachio
  1915 | D:4      | You fall through a shaft!
  1915 | D:5      | Entered Level 5 of the Dungeon
  1917 | D:5      | Noticed an ogre
  1921 | D:4      | Found Ocluh's Food Shoppe.
  2063 | D:4      | You fall through a shaft!
  2289 | D:4      | Reached XP level 6. HP: 44/48 MP: 6/6
  2670 | D:4      | Reached skill level 5 in Shields
  2675 | D:4      | Identified Sif Muna's Reference Book on the Snowflakes
  2683 | D:4      | Found a deep blue altar of Sif Muna.
  2710 | D:4      | Acquired Cheibriados's first power
  2715 | D:4      | Reached skill level 5 in Axes
  2715 | D:4      | Reached XP level 7. HP: 47/54 MP: 7/7
  2838 | D:4      | Killed an ice beast
  3211 | D:4      | Found an iron altar of Okawaru.
  3393 | D:7      | Reached skill level 6 in Axes
  3671 | D:7      | Reached XP level 8. HP: 11/60 MP: 8/8
  4042 | D:6      | Reached skill level 7 in Axes
  4230 | D:5      | Killed an ogre
  4554 | D:6      | Noticed Menkaure
  4557 | D:6      | You fall through a shaft for 3 floors!
  4880 | D:9      | Noticed a troll
  4883 | D:9      | You fall through a shaft for 3 floors!
  4895 | D:12     | Noticed a troll
  4899 | D:12     | You fall through a shaft!
  4910 | D:13     | Reached skill level 8 in Axes
  4928 | D:13     | Reached XP level 9. HP: 45/65 MP: 9/9
  5034 | D:13     | Acquired Cheibriados's second power
  5038 | D:13     | Noticed a hill giant
  5041 | D:13     | You fall through a shaft for 2 floors!
  5041 | D:15     | Entered Level 15 of the Dungeon
  5240 | D:15     | Noticed a tengu conjurer
  5252 | D:15     | Killed a tengu conjurer
  5252 | D:15     | Reached skill level 9 in Axes
  5255 | D:15     | Noticed a brown ugly thing
  5256 | D:15     | Noticed an ettin
  5257 | D:15     | Noticed a deep troll
  5258 | D:15     | Noticed a brown ugly thing
  5258 | D:15     | Noticed a brown ugly thing
  5258 | D:15     | Noticed a brown ugly thing
  5259 | D:15     | Noticed a brown ugly thing
  5259 | D:15     | Noticed a brown ugly thing
  5260 | D:15     | Noticed a centaur warrior
  5266 | D:15     | Quit the game

Vault maps used:
D:1:      ldierk_walled_garden_2
D:2:      tso_oasis_becter, overflow_temple_1_default, grunt_ministairs_9,
          minivault_23, minmay_goblin_outpost
D:3:      lemuel_doored_altar, first_bread, minmay_misc_feat_rows
D:4:      nicolae_overflow_hidden_temple, led_sif_book, serial_shops,
          nicolae_shop_window_shopping, st_stairs_6, uniq_crazy_yiuf_cottage,
          uniq_eustachio
D:6:      kennysheep_mini_moat, minmay_temple_entry_large_hall, serial_shops,
          shop, uniq_menkaure
D:7:      cheibrodos_ashenzari_chains, nicolae_overflow_crystal_walls, tgw_trog,
          lemuel_crystal_altar, minmay_misc_feat_alley, minmay_ruffians
D:9:      serial_shops, shop, uniq_erica
D:13:     lightli_vaults_fourway_checkpoint
D:15:     hangedman_depths_entry_civil_slaughter, kennysheep_flooded_box,
          lemuel_hellish_altar

Action                   |  1- 3 |  4- 6 |  7- 9 || total
-------------------------+-------+-------+-------++-------
Melee: War axe           |   120 |   165 |   240 ||   525
Throw: Tomahawk          |       |       |     1 ||     1
 Abil: Dig               |     1 |    11 |    17 ||    29
       Shaft Self        |       |     2 |     4 ||     6
  Use: Potion            |       |     3 |     1 ||     4
 Stab: Distracted        |       |       |     1 ||     1
  Eat: Chunk             |     2 |     5 |     7 ||    14
       Pizza             |       |     1 |       ||     1
       Beef jerky        |       |     1 |       ||     1
